 Dungeon Crawl Stone Soup version 0.30-a0-1103-g25895a7845 (webtiles) character file.

Game seed: 7240120158230728095

707 ytrimaz the Chopper (level 7, -2/52 HPs)
             Began as a Demonspawn Fighter on Apr 19, 2023.
             Killed by nerve-wracking pain
             ... invoked by Menkaure
              (10 damage)
             ... on level 5 of the Dungeon.
             The game lasted 00:06:55 (3914 turns).

ytrimaz the Chopper (Demonspawn Fighter)            Turns: 3914, Time: 00:06:55

Health: -2/52      AC: 13    Str: 19    XL:     7   Next: 39%
Magic:  7/7        EV:  9    Int:  9    God:
Gold:   128        SH:  4    Dex: 12    Spells: 6/6 levels left

rFire   . . .      SeeInvis .    a - +1 war axe
rCold   + . .      Faith    .    c - +0 buckler
rNeg    . . .      Spirit   .    b - +0 scale mail
rPois   .          Reflect  .    g - +0 helmet
rElec   .          Rampage  .    t - +0 cloak
rCorr   .                        i - +0 pair of gloves
Will    .....                    f - +0 pair of boots Stlth
                                 k - amulet of the acrobat
HPRegen 0.28/turn                m - ring of protection from cold
MPRegen 0.20/turn                (no ring)

@: no status effects
A: claws 1, molten scales 1, spiny 1, magic regeneration
a: no special abilities


You were on level 5 of the Dungeon.
You visited 1 branch of the dungeon, and saw 5 of its levels.

You collected 249 gold pieces.
You spent 121 gold pieces at shops.


Innate Abilities, Weirdness & Mutations

You have sharp fingernails.
You are partially covered in molten scales. (AC +2)
You are partially covered in sharp spines.
You regenerate magic rapidly.


   Skills:
 - Level 3.0 Fighting
 + Level 7.7 Axes
 - Level 2.6 Armour
 - Level 2.6 Shields


You had 6 spell levels left.
You didn't know any spells.
Your spell library contained the following spells:

 Spells                   Type           Power      Damage    Failure   Level
 Apportation              Tloc           0%         N/A       86%         1
 Summon Small Mammal      Summ           0%         N/A       86%         1
 Call Canine Familiar     Summ           0%         N/A       99%         3
 Summon Guardian Golem    Hex/Summ       0%         N/A       99%         3
 Alistair's Intoxication  Tmut/Pois      0%         N/A       100%        5

Inventory:

Hand Weapons
 a - a +1 war axe (weapon)
Armour
 b - a +0 scale mail (worn)
 c - a +0 buckler (worn)
 f - a +0 pair of boots (worn)
   (You found it on level 1 of the Dungeon)
 g - a +0 helmet (worn)
   (You found it on level 1 of the Dungeon)
 i - a +0 pair of gloves (worn)
   (You found it on level 1 of the Dungeon)
 t - a +0 cloak (worn)
   (You found it on level 4 of the Dungeon)
Jewellery
 j - an amulet of faith
   (You found it on level 1 of the Dungeon)
 k - an amulet of the acrobat (around neck)
   (You found it on level 1 of the Dungeon)
 m - a ring of protection from cold (left hand)
   (You found it on level 3 of the Dungeon)
Wands
 l - a wand of polymorph (12)
   (You found it on level 2 of the Dungeon)
Scrolls
 h - a scroll of enchant armour
 n - a scroll of teleportation
 r - 3 scrolls of blinking
Potions
 d - a potion of might
 e - 3 potions of curing
 o - a potion of magic
 p - a potion of brilliance {unknown}
 q - 2 potions of mutation

Dungeon Overview and Level Annotations

Branches:
Dungeon (5/15) Zot: 25993
 Temple: D:4-7

Altars:
Ashenzari

Shops:
D:3 !*[[[

Annotations:
D:3 1 runed translucent door, Crazy Yiuf
D:4 3 runed translucent doors, Palms's ghost, amateur DsNe
D:5 Menkaure

#..# #..#
#... #..
... #.# #M#
## #.####@#
.. #......#
.#
#####..####
.# #.....#
.# #.###.#
.#########
#.# #.#
....<....#
#.# #.#
....####.#
#.# #.#
###.# #.#
#.#


You could see Menkaure (fast).


Message History

You now have 111 gold pieces (gained 13).
Key pressed, stopping explore.
No target in view! 😎 HP[+2]
Your hp is fully restored (52).
There is an escape hatch in the ceiling here.
Key pressed, stopping explore.
You see here a +0 short sword.
You open the door.
There is an open door here.
You open the door.
There is an open door here.
There is an open door here.
Key pressed, stopping explore.
Key pressed, stopping explore.
The kobold shouts!
Palms's ghost turns its malevolent gaze towards you.
The kobold brigand shouts!
You hear a shout!
The kobold shouts! x3
The kobold shouts!
Palms's ghost whispers, "It is all a dream - a grotesque and foolish dream."
Could not explore, unopened runed door.
No reachable target in view!
Could not explore, unopened runed door.
Could not explore, unopened runed door.
Could not explore, unopened runed door.
Okay, then.
m - a ring of protection from cold (left hand)
The kobold shouts!
As you read the scroll of identify, it crumbles to dust.
o - a potion of magic
There is a stone staircase leading down here.
You climb downwards.
There is a stone staircase leading up here.
Unknown command.
Key pressed, stopping explore.
Key pressed, stopping explore.
An adder comes into view.
The adder hisses angrily.
An adder is nearby!
An adder is nearby!
You miss the adder. You block the adder's attack.
You slash the adder!
You kill the adder!
Unknown command.
You see here an adder corpse.
No target in view!
Unknown command.
No target in view!
You see here a +0 hat.
Found a stone staircase leading up.
There is a stone staircase leading up here.
A scorpion comes into view.
A scorpion is nearby!
A scorpion is nearby!
A scorpion is nearby!
You block the scorpion's attack. The scorpion barely misses you.
You barely miss the scorpion.
The scorpion stings you but does no damage.
You closely miss the scorpion. The scorpion barely misses you.
You slash the scorpion!
The scorpion stings you but does no damage.
The scorpion closely misses you.
Unknown command.
You closely miss the scorpion. The scorpion barely misses you.
You hit the scorpion but do no damage. The scorpion stings you.
The scorpion is struck by your spines.
The scorpion stings you but does no damage. 😕 HP[-2]
You take 2 damage, and now have 50/52 hp.
You hit the scorpion but do no damage. The scorpion closely misses you.
Unknown command.
A scorpion is nearby!
You slash the scorpion!
You kill the scorpion! 😕 HP[+1] Key pressed, stopping explore. 😎 HP[+1]
Your hp is fully restored (52).
No target in view!
You now have 128 gold pieces (gained 17).
You see here a +0 leather armour.
Key pressed, stopping explore.
Found a stone staircase leading down.
Key pressed, stopping explore.
No target in view!
Found a stone staircase leading down.
There is a stone staircase leading down here.
Menkaure, Prince of Dust comes into view.
Menkaure shouts!
Menkaure casts a spell.
Menkaure seems to speed up.
Menkaure calls on the powers of darkness!
Your body is wracked with pain!
You barely miss Menkaure. Menkaure is struck by your spines.
Menkaure hits you!!
* * * LOW HITPOINT WARNING * * *
Menkaure gestures at you while chanting.
Pain shoots through your body!
You die...

Skill      XL: |  1  2  3  4  5  6 |
---------------+-------------------+-----
Axes           | 2 3 4 5 6 7 |  7.7
Fighting       | |  3.0
Armour         | |  2.6
Shields        | |  2.6

Action                     |  1- 3 |  4- 6 |  7- 9 || total
---------------------------+-------+-------+-------++-------
  Melee: War axe           |   118 |    97 |    29 ||   244
    Use: Scroll            |     6 |     4 |     1 ||    11
 Armour: Scale mail        |    78 |    43 |    20 ||   141
  Dodge: Dodged            |    58 |    38 |    10 ||   106
  Block: Buckler           |    27 |    18 |     8 ||    53

Levels and vault maps discovered:
D:1:      dpeg_arrival_ratfight, layout_basic, chequers_avenue,
          chequers_big_river, minivault_14, minmay_quantized
D:2:      layout_loops_ring
D:3:      layout_loops_corners, serial_shops, shop,
          nicolae_shop_tiny_waterfront, nicolae_lakefront_shop, shop,
          shop_statue, shapermc_ecumenical_altar_pompeii,
          uniq_crazy_yiuf_cottage, uniq_jessica, uniq_robin
D:4:      layout_basic, mainiacjoe_overflow_six_doors_small,
          gammafunk_ghost_nasty_kobolds, abandoned_shop,
          amcnicky_mini_corridor_feature
D:5:      layout_loops_ring, lemuel_doored_altar, chequers_jeans, uniq_menkaure

Notes
Turn   | Place    | Note
-------+----------+-------------------------------------------
     0 | D:1      | ytrimaz the Demonspawn Fighter began the quest for the Orb.
     0 | D:1      | Reached XP level 1. HP: 18/18 MP: 1/1
     0 | D:1      | magus.rc [v1.9.6]
    23 | D:1      | Reached skill level 2 in Axes
   163 | D:1      | Gained mutation: You are partially covered in molten
                  | scales. (AC +2) [demonic ancestry]
   163 | D:1      | Reached XP level 2. HP: 24/24 MP: 2/2
   411 | D:1      | Reached skill level 3 in Axes
   717 | D:1      | Reached XP level 3. HP: 29/29 MP: 3/3
  1802 | D:3      | Noticed Jessica
  1817 | D:3      | Killed Jessica
  1818 | D:3      | Reached skill level 4 in Axes
  1818 | D:3      | Gained mutation: You are partially covered in sharp spines.
                  | [demonic ancestry]
  1818 | D:3      | Reached XP level 4. HP: 35/35 MP: 4/4
  1949 | D:3      | Found Teolerch's Distillery.
  1958 | D:3      | Bought a potion of mutation for 104 gold pieces
  2031 | D:3      | Found a faded altar of an unknown god.
  2058 | D:3      | Found Meul's Antique Armour Shop.
  2085 | D:3      | Found Nuunt's Armour Boutique.
  2157 | D:3      | Found Yme Ragh's Armour Boutique.
  2223 | D:3      | Noticed Robin
  2234 | D:3      | Killed Robin
  2355 | D:3      | Found Podah's Assorted Antiques.
  2363 | D:3      | Bought a scroll labelled PIT ZOAJUMA for 17 gold pieces
  2642 | D:3      | Found a runed translucent door.
  2643 | D:3      | Noticed Crazy Yiuf
  3027 | D:4      | Found a runed translucent gate.
  3027 | D:4      | Noticed a kobold brigand
  3028 | D:4      | Found a runed translucent gate.
  3028 | D:4      | Found a runed translucent gate.
  3049 | D:4      | Noticed Palms's ghost (amateur DsNe)
  3060 | D:4      | Reached skill level 5 in Axes
  3060 | D:4      | Gained mutation: You regenerate magic rapidly. [demonic
                  | ancestry]
  3060 | D:4      | Reached XP level 5. HP: 41/41 MP: 5/5
  3162 | D:4      | Reached skill level 6 in Axes
  3162 | D:4      | Reached XP level 6. HP: 32/47 MP: 6/6
  3219 | D:4      | You pick up a book of Party Tricks and begin reading...
  3219 | D:4      | You add the spells Apportation and Alistair's Intoxication
                  | to your library.
  3364 | D:4      | Noticed a sky beast
  3372 | D:4      | Killed a sky beast
  3422 | D:4      | You pick up a book of Callings and begin reading...
  3422 | D:4      | You add the spells Summon Small Mammal, Call Canine
                  | Familiar and Summon Guardian Golem to your library.
  3426 | D:4      | Found a broken altar of Ashenzari.
  3491 | D:4      | Reached skill level 7 in Axes
  3498 | D:4      | Gained mutation: You have sharp fingernails. [demonic
                  | ancestry]
  3498 | D:4      | Reached XP level 7. HP: 45/52 MP: 7/7
  3737 | D:5      | Entered Level 5 of the Dungeon
  3909 | D:5      | Noticed Menkaure
  3914 | D:5      | HP: 8/52 [Menkaure (19)]
  3914 | D:5      | Killed from afar by Menkaure

Vanquished Creatures
  A sky beast (D:4)
  A phantom (D:4)
  3 scorpions
  A hound (D:4)
  A jelly (D:4)
  An iguana (D:4)
  Jessica (D:3)
  2 orc wizards (D:4)
  Robin (D:3)
  6 gnolls (D:4)
  5 adders
  2 worms (D:3)
  A dart slug (D:2)
  2 orcs
  4 bats
  5 endoplasms
  5 giant cockroaches
  15 goblins
  6 hobgoblins
  4 jackals (D:1)
  5 kobolds
  2 quokkas (D:1)
  5 ball pythons
  3 frilled lizards
  11 rats
93 creatures vanquished.

Vanquished Creatures (others)
  3 fungi (D:4)
  6 plants
9 creatures vanquished.

Grand Total: 102 creatures vanquished

Table legend:
 A = Non-vault XP
 B = Vault XP
 C = Vault XP percentage of total XP
 D = Non-vault monster count
 E = Vault monster count
 F = Vault count percentage of total count
                 A         B        C        D         E       F
            +---------+---------+-------+---------+---------+-------
      Total |     930 |      80 |   7.9 |      72 |      21 |  22.6
            +---------+---------+-------+---------+---------+-------
        D:1 |      40 |      11 |  21.6 |      22 |       9 |  29.0
        D:2 |      14 |       0 |   0.0 |       9 |       0 |   0.0
        D:3 |      52 |      69 |  57.0 |      14 |      12 |  46.2
        D:4 |     723 |       0 |   0.0 |      25 |       0 |   0.0
        D:5 |     101 |       0 |   0.0 |       2 |       0 |   0.0
            +---------+---------+-------+---------+---------+-------

Illustrated notes

Table legend:
 A = Kills in this place as a percentage of kills in the entire game.
 B = Kills by you in this place as a percentage of kills by you in the entire game.
 C = Kills by friends in this place as a percentage of kills by friends in the entire game.
 D = Other kills in this place as a percentage of other kills in the entire game.
 E = Experience gained in this place as a percentage of experience gained in the entire game.
 F = Experience gained in this place divided by the number of levels of this place that you have seen.
                   A       B       C       D       E      F
               +-------+-------+-------+-------+-------+----------------------
         Total | 100.0 | 100.0 |   N/A |   N/A | 100.0 | 202.0
       Dungeon | 100.0 | 100.0 |   N/A |   N/A | 100.0 | 202.0
               +-------+-------+-------+-------+-------+----------------------

Table legend: (Time is in decaauts)
 A = Elapsed time spent in this place.
 B = Non-inter-level travel time spent in this place.
 C = Inter-level travel time spent in this place.
 D = Time resting spent in this place.
 E = Time spent auto-exploring this place.
 F = Levels seen in this place.
 G = Mean time per level.
                   A        B        C        D        E       F      G
               +--------+--------+--------+--------+--------+-----+--------+
         Total |   4005 |   3849 |    156 |      2 |   3080 |   5 |  801.0 |
       Dungeon |   4005 |   3849 |    156 |      2 |   3080 |   5 |  801.0 |
               +--------+--------+--------+--------+--------+-----+--------+

Top non-repeatable levels by time:
     D:1: 1246 daAuts
     D:3: 1216 daAuts
     D:4: 798 daAuts
     D:2: 565 daAuts
     D:5: 178 daAuts
